 Dungeon Crawl Stone Soup version 0.27.0-1-g7a089689b8 (webtiles) character file.

Game seed: 15816975421223369127

967 horus123 the Cudgeller (level 8, -1/54 HPs)
             Began as a Human Fighter on Aug 1, 2021.
             Was a Believer of Hepliaklqana.
             Engulfed by a steam dragon's steam (3 damage)
             ... on level 6 of the Dungeon.
             The game lasted 00:16:13 (5826 turns).

horus123 the Cudgeller (Human Fighter)              Turns: 5826, Time: 00:16:14

Health: -1/54      AC: 11    Str: 18    XL:     8   Next: 38%
Magic:  8/8        EV: 12    Int:  9    God:    Hepliaklqana [**....]
Gold:   237        SH:  9    Dex: 13    Spells: 7/7 levels left

rFire    . . .     SeeInvis .   p - +8 mace "Zutouth" {freeze, rCorr}
rCold    + . .     Faith    .   c - +0 kite shield
rNeg     . . .     Spirit   .   n - +2 scale mail {rC+}
rPois    .         Reflect  .   j - +0 helmet
rElec    .         Harm     .   (no cloak)
rCorr    +         Rampage  .   (no gloves)
Will     .....                  e - +0 pair of boots
Stlth    ..........             (no amulet)
HPRegen  0.18/turn              k - +4 ring of evasion
MPRegen  0.11/turn              s - ring of wizardry

@: no status effects
A: reduced essence
a: Renounce Religion, Recall Ancestor, Ancestor Identity


You were on level 6 of the Dungeon.
You worshipped Hepliaklqana.
Hepliaklqana was pleased with you.
You visited 1 branch of the dungeon, and saw 6 of its levels.

You collected 237 gold pieces.

Inventory:

Hand Weapons
 a - a +0 war axe
 m - a +7 flail of protection
 p - the +8 mace "Zutouth" (weapon) {freeze, rCorr}
   (You found it on level 6 of the Dungeon)

   It freezes those it strikes, dealing additional cold damage.
   It can also slow down cold-blooded creatures.
   rCorr:     It protects you from acid and corrosion.
Armour
 b - a +0 scale mail
 c - a +0 kite shield (worn)
 e - a +0 pair of boots (worn)
 j - a +0 helmet (worn)
 n - a +2 scale mail of cold resistance (worn)
Jewellery
 k - a +4 ring of evasion (left hand)
 o - a ring of fire
 s - a ring of wizardry (right hand)
 u - a ring of magical power
Wands
 h - a wand of iceblast (6)
Scrolls
 g - a scroll of vulnerability
 t - a scroll of brand weapon {unknown}
Potions
 d - 3 potions of might
 f - a potion of haste
 i - a potion of ambrosia {unknown}
 l - a potion of attraction {unknown}
 q - a potion of invisibility {unknown}
 r - a potion of brilliance


   Skills:
 + Level 4.4 Fighting
 + Level 3.0(4.7) Axes
 * Level 5.5(6.0) Maces & Flails
 + Level 4.6 Armour
 + Level 1.8 Dodging
 + Level 1.1 Stealth
 + Level 4.5 Shields
 + Level 0.3 Evocations


You had 7 spell levels left.
You didn't know any spells.
Your spell library contained the following spells:

 Spells                   Type           Power      Damage    Failure   Level
 Foxfire                  Conj/Fire      0%         2x1d4     86%         1
 Conjure Flame            Conj/Fire      0%         6-21      99%         3
 Inner Flame              Hex/Fire       0%         N/A       99%         3
 Tukima's Dance           Hex            0%         N/A       99%         3
 Passage of Golubria      Tloc           N/A        N/A       100%        4
 Yara's Violent Unravell  Hex/Tmut       0%         3d3       100%        5


Dungeon Overview and Level Annotations

Branches:
Dungeon (6/15)
 Temple: D:4-7

Altars:
Hepliaklqana
Qazlal
Sif Muna
Uskayaw
Wu Jian
Yredelemnul

Shops:
D:1 [

Annotations:
D:3 1 runed translucent door, shadowrider38's ghost, amateur MiBe


Message History

You block the orc's attack.
You see here a +0 whip.
You hit the orc. You freeze the orc.
The orc is severely wounded.
You block the orc's attack.
Izel points at the orc and mumbles some strange words.
The orc resists with significant effort.
The steam dragon breathes steam at you.
The ball of steam misses Izel.
The ball of steam misses you.
The ball of steam hits the orc!
The orc dies!
You hear a shout!
You swap places.
You block the steam dragon's attack. The steam dragon misses you.
Items here: )) [[ †.
You hit the steam dragon but do no damage.
Izel points at the steam dragon and mumbles some strange words.
The steam dragon resists with some effort.
An orc comes into view. It is wielding a +0 whip.
The steam dragon breathes steam at Izel.
The ball of steam hits you!
The ball of steam hits Izel!
Izel resists.
You hit the steam dragon. You freeze the steam dragon.
The steam dragon is moderately wounded.
You are engulfed in a cloud of scalding steam.
* * * LOW HITPOINT WARNING * * *
You block the steam dragon's attack. The steam dragon claws you.
* * * LOW HITPOINT WARNING * * *
You barely miss the steam dragon.
The steam dragon is moderately wounded.
The steam dragon breathes steam at you. The ball of steam hits you.
* * * LOW HITPOINT WARNING * * *
The ball of steam misses Izel.
The steam dragon bites you but does no damage.
You block the steam dragon's attack.
You hit the steam dragon but do no damage.
The steam dragon is moderately wounded.
You are engulfed in a cloud of scalding steam.
You die...

§§§§§8§§§§§#...#.#
§§§§§§§§§§§###.#.#
§§§§§§§§§§§#.....#
§§§§§§§§§§§#.#.### #
§§§§§§§§§§§#...# .#
§§§§§§§§§§§#...###.#####
#### ###...#§.......
...# #.##..#R# ####
#.....#@# ####..#D#
##....>#o# #
#....#.#.#.#
##.#.......# #.#..##.#.#
# #.......# #.....###
######.


You could see the friendly Izel the hexer, a steam dragon (catching breath, ally
target) and an orc.

Vanquished Creatures
  A steam dragon (D:5)
  2 ice beasts
  An orc priest (D:5)
  A centaur skeleton (D:6)
  A jelly (D:5)
  Terence (D:2)
  An iguana (D:6)
  An orc wizard (D:6)
  A river rat (D:3)
  5 adders
  2 white imps
  3 worms
  5 dart slugs
  5 orcs
  8 endoplasms
  3 giant cockroaches
  5 goblins
  2 hobgoblins
  8 jackals
  2 quokkas (D:3)
  4 ball pythons
  4 bats
  4 frilled lizards
  6 kobolds
  4 rats
80 creatures vanquished.

Vanquished Creatures (collateral kills)
  A black bear (D:5)
  An ice beast (D:5)
  2 howler monkeys
  A hound (D:6)
  A bullfrog zombie (D:5)
  2 orcs (D:5)
8 creatures vanquished.

Vanquished Creatures (others)
  An orc (D:6)
  4 fungi (D:5)
5 creatures vanquished.

Grand Total: 93 creatures vanquished

Notes
Turn   | Place    | Note
-------+----------+-------------------------------------------
     0 | D:1      | horus123 the Human Fighter began the quest for the Orb.
     0 | D:1      | Reached XP level 1. HP: 18/18 MP: 1/1
   195 | D:1      | Found Fyoxziliwn's Antique Armour Boutique.
   210 | D:1      | Reached XP level 2. HP: 22/24 MP: 2/2
   222 | D:1      | Found a faded altar of an unknown god.
   738 | D:1      | Reached XP level 3. HP: 22/29 MP: 3/3
  1963 | D:2      | Reached XP level 4. HP: 17/35 MP: 4/4
  2537 | D:2      | Noticed Terence
  2553 | D:2      | Killed Terence
  3023 | D:3      | Found a runed translucent door.
  3024 | D:3      | Noticed shadowrider38's ghost (amateur MiBe)
  3229 | D:3      | Reached XP level 5. HP: 42/42 MP: 5/5
  3277 | D:3      | Found a hazy altar of Hepliaklqana.
  3280 | D:3      | Found a hide-covered altar of Uskayaw.
  3283 | D:3      | Found a basalt altar of Yredelemnul.
  3286 | D:3      | Found a shimmering blue altar of Sif Muna.
  3332 | D:3      | Became a worshipper of Hepliaklqana the Forgotten
  3564 | D:3      | Reached skill level 1 in Maces & Flails
  3638 | D:3      | Found an ornate altar of the Wu Jian Council.
  4335 | D:4      | Reached skill level 1 in Dodging
  4463 | D:4      | Reached * piety under Hepliaklqana
  4465 | D:4      | You fall into a shaft and drop 2 floors!
  4506 | D:6      | Noticed an ice beast
  4514 | D:6      | Reached skill level 2 in Maces & Flails
  4514 | D:6      | Reached XP level 6. HP: 31/43 MP: 6/6
  4518 | D:6      | Killed an ice beast
  4533 | D:6      | Found a stormy altar of Qazlal.
  4633 | D:5      | Entered Level 5 of the Dungeon
  4633 | D:5      | Noticed a black bear
  4641 | D:5      | Killed a black bear
  4642 | D:5      | Reached skill level 3 in Maces & Flails
  4642 | D:5      | Reached XP level 7. HP: 43/48 MP: 7/7
  4811 | D:5      | Reached skill level 4 in Maces & Flails
  5233 | D:5      | Reached XP level 8. HP: 50/54 MP: 8/8
  5385 | D:5      | Reached skill level 5 in Maces & Flails
  5385 | D:5      | Reached skill level 1 in Stealth
  5520 | D:6      | Reached ** piety under Hepliaklqana
  5521 | D:6      | Remembered your ancestor Izel as a hexer
  5586 | D:6      | Identified the +8 mace "Zutouth" {freeze, rCorr}
  5825 | D:6      | HP: 2/54 [steam dragon/ball of steam (6)]
  5826 | D:6      | Engulfed by a steam dragon's steam

Illustrated notes

Levels and vault maps discovered:
D:1:      mrwooster_arrival_statue_2, layout_loops_ring, serial_shops, shop,
          dreamdust_ecumenical_altar_angels_and_demons, dk_noncrumbling_4,
          hangedman_decor_opposing
D:2:      layout_loops_corners, uniq_terence
D:3:      layout_basic, general_overflow_altar,
          grunt_temple_overflow_cloverleaf, gup_sewer_entry_spiral,
          ebering_ghost_inner_flame
D:4:      layout_cave_pools, kennysheep_mini,
          nicolae_dithmenos_through_a_glass_darkly, makhleb_altar_promises_db,
          minmay_temple_entry_statues_fountains, hex_large, uniq_ijyb
D:5:      kennysheep_steamy, layout_loops_cross, item_on_display_a
D:6:      layout_basic, nicolae_qazlal_eye_of_the_storm, kennysheep_path_1,
          corexii_checkpoint_a

Skill      XL: |  1  2  3  4  5  6  7  8 |
---------------+-------------------------+-----
Axes           | 3 |  3.0
Maces & Flails | 2 3 4 5 |  5.5
Dodging        | 1 |  1.8
Fighting       | 4 |  4.4
Armour         | 4 |  4.6
Shields        | 4 |  4.5
Stealth        | 1 |  1.1
Evocations     | |  0.3

Action                   |  1- 3 |  4- 6 |  7- 9 || total
-------------------------+-------+-------+-------++-------
Melee: War axe           |    89 |    15 |       ||   104
       Flail             |       |   120 |    38 ||   158
       Mace              |       |       |    21 ||    21
Invok: Recall Ancestor   |       |     1 |       ||     1
       Ancestor Identity |       |     1 |       ||     1
       Ancestor Life: He |       |       |     1 ||     1
Evoke: Wand              |       |     2 |       ||     2
  Use: Potion            |     1 |       |       ||     1
       Scroll            |       |     5 |     2 ||     7
 Stab: Distracted        |       |     1 |     1 ||     2
       Confused          |       |       |     1 ||     1
Armor: Scale mail        |    46 |    65 |    22 ||   133
Dodge: Dodged            |    18 |    82 |    26 ||   126
Block: Kite shield       |    56 |    67 |    30 ||   153
